 Dungeon Crawl Stone Soup version 0.30-a0-782-ge64f9170bb (webtiles) character file.

Game seed: 17381697045945868049

214297 arthad the Convoker (level 17, -9/79 HPs)
             Began as a Felid Summoner on Feb 16, 2023.
             Was an Initiate of Gozag.
             Mangled by a white very ugly thing (43 damage)
             ... on level 1 of the Vaults on Feb 18, 2023.
             The game lasted 04:51:41 (58467 turns).

arthad the Convoker (Felid Summoner)               Turns: 58467, Time: 04:51:41

Health: -9/79      AC: 18    Str:  4    XL:     17   Next: 84%
Magic:  22/35      EV: 38    Int: 32    God:    Gozag
Gold:   3568       SH:  0    Dex: 19    Spells: 4/42 levels left
                                        Lives:  0   Deaths: 5

rFire   . . .      SeeInvis +      - Unarmed
rCold   . . .      Faith    .    (shield unavailable)
rNeg    . . .      Spirit   .    (body armour unavailable)
rPois   ∞          Reflect  .    (helmet unavailable)
rElec   +          Harm     .    (cloak unavailable)
rCorr   +          Rampage  .    (gloves unavailable)
Will    ++...                    (boots unavailable)
Stlth   +++                      b - amulet of regeneration
HPRegen 1.13/turn                Y - ring of Division {rElec Int+6 Slay+3 Stlth+}
MPRegen 0.24/turn                W - ring "Fufry" {rCorr Int+4}

@: storm-form, flying, studying 2 skills
A: cleaving, insubstantial, flying, very small, (claws 1), (fangs 3), see
invisible, (speed 1), (shaggy fur 3), (stealthy paws), no weapons or thrown
items, no armour, multi-lived
}: 2/15 runes: barnacled, gossamer
a: Blinkbolt, End Transformation, Renounce Religion, Potion Petition, Call
Merchant, Bribe Branch


You were on level 1 of the Vaults.
You worshipped Gozag.
Gozag was most pleased with you.
You were a lightning-filled tempest!
You visited 8 branches of the dungeon, and saw 35 of its levels.
You also visited: Trove and Sewer.

You collected 12776 gold pieces.
You spent 2375 gold pieces at shops.
You paid 6833 gold pieces to Gozag.

Inventory:

Jewellery
 b - an amulet of regeneration (around neck)
 e - a +6 ring of intelligence
 m - a ring of protection from cold
 n - the ring "Nouxeugh" {rN+ AC+4 Dex+4 Slay-3}
   (You found it on level 14 of the Dungeon)

   [ring of protection]

   AC:        It affects your AC (+4).
   Dex:       It affects your dexterity (+4).
   Slay:      It affects your accuracy & damage with ranged weapons and melee
   (-3).
   rN:        It protects you from negative energy.
 p - a ring of magical power
 r - a ring of wizardry
 y - the dreamshard necklace {*Dream Drain}
   (You took it off a deep elf annihilator on level 3 of the Elven Halls)

   [amulet of nothing]

   *Dream:    It shatters if its wearer takes lethal or near-lethal damage,
   preventing the blow and releasing protective dreams that heal and fight for
   the wearer.
   Drain:     It drains your maximum health when unequipped.
 I - a +4 ring of slaying
 L - the ring "Ustrauts" {rF+ Str+3 SInv}
   (You took it off a deep elf pyromancer on level 3 of the Elven Halls)

   [ring of see invisible]

   Str:       It affects your strength (+3).
   rF:        It protects you from fire.
   SInv:      It lets you see invisible.
 P - the ring "Hero's Friend" {Ice rPois rN++ Str+2 Int-2}
   (You took it off a deep elf master archer on level 3 of the Elven Halls)

   [ring of ice]

   It enhances your ice magic.
   Str:       It affects your strength (+2).
   Int:       It affects your intelligence (-2).
   rF:        It makes you vulnerable to fire.
   rC:        It protects you from cold.
   rPois:     It protects you from poison.
   rN:        It greatly protects you from negative energy.
 T - the brooch of Shielding {Spirit SH+8}
   (You found it on level 3 of the Elven Halls)

   [amulet of guardian spirit]

   It causes incoming damage to be divided between your reserves of health and
   magic.
   SH:        It affects your SH (+8).
 W - the ring "Fufry" (right paw) {rCorr Int+4}
   (You took it off a merfolk impaler on level 4 of the Shoals)

   [ring of resist corrosion]

   Int:       It affects your intelligence (+4).
   rCorr:     It protects you from acid and corrosion.
 Y - the ring of Division (left paw) {rElec Int+6 Slay+3 Stlth+}
   (You bought it in a shop on level 2 of the Orcish Mines)

   [ring of intelligence]

   Int:       It affects your intelligence (+6).
   Slay:      It affects your accuracy & damage with ranged weapons and melee
   (+3).
   rElec:     It insulates you from electricity.
   Stlth:     It makes you more stealthy.
Wands
 k - a wand of polymorph (3)
 l - a wand of quicksilver (17)
 u - a wand of digging (13)
 B - a wand of iceblast (11)
 D - a wand of mindburst (6)
 G - a wand of charming (23)
 Q - a wand of flame (46)
Scrolls
 g - a scroll of fear
 h - 3 scrolls of blinking
 j - 14 scrolls of teleportation
 q - 3 scrolls of poison
 t - 5 scrolls of immolation
 A - 5 scrolls of vulnerability
 F - 22 scrolls of identify
 O - 4 scrolls of silence
 R - 2 scrolls of torment
 S - a scroll of magic mapping
 V - 9 scrolls of amnesia
Potions
 a - 3 potions of magic
 c - 6 potions of attraction
 f - 3 potions of heal wounds
 s - 2 potions of resistance
 v - 7 potions of flight
 w - 4 potions of brilliance
 x - 4 potions of ambrosia
 z - 6 potions of lignification
 E - 7 potions of haste
 H - 4 potions of might
 J - 4 potions of invisibility
 K - 3 potions of cancellation
 M - 5 potions of mutation
 U - 3 potions of berserk rage
 Z - 6 potions of curing
Miscellaneous
 d - a lightning rod (4/4)
 i - a condenser vane
 o - a phantom mirror
 C - a phial of floods
 N - a tin of tremorstones (2/2)
 X - a box of beasts


   Skills:
 + Level 12.1 Fighting
 + Level 15.6 Dodging
 - Level 2.7 Stealth
 + Level 13.2 Unarmed Combat
 * Level 13.4 Spellcasting
 - Level 10.0 Hexes
 - Level 16.0 Summonings
 * Level 10.0 Translocations
 * Level 15.8 Transmutations
 * Level 14.9 Air Magic
 + Level 5.1 Evocations


You had 4 spell levels left.
You knew the following spells:

 Your Spells              Type           Power      Damage    Failure   Level
a - Summon Hydra          Summ           44%        N/A       2%          7
b - Summon Cactus Giant   Summ           44%        N/A       1%          6
c - Call Canine Familiar  Summ           89%        N/A       0%          3
d - Summon Guardian Gole  Hex/Summ       81%        N/A       1%          3
e - Summon Lightning Spi  Summ/Air       88%        N/A       1%          4
f - Tukima's Dance        Hex            71%        N/A       1%          3
g - Storm Form            Tmut/Air       44%        N/A       3%          7
h - Summon Forest         Summ/Tloc      40%        N/A       1%          5

Your spell library contained the following spells:

 Spells                   Type           Power      Damage    Failure   Level
 Beastly Appendage        Tmut           100%       N/A       0%          1
 Summon Small Mammal      Summ           100%       N/A       0%          1
 Call Imp                 Summ           89%        N/A       0%          2
 Wereblood                Tmut           89%        N/A       0%          2
 Swiftness                Air            87%        N/A       0%          3
 Shock                    Conj/Air       100%       1d9       1%          1
 Slow                     Hex            100%       N/A       1%          1
 Sting                    Tmut/Pois      100%       1d8       1%          1
 Lesser Beckoning         Tloc           100%       N/A       1%          2
 Passwall                 Tmut/Erth      53%        N/A       1%          2
 Dazzling Flash           Conj/Hex       100%       N/A       1%          3
 Gell's Gravitas          Tloc           71%        N/A       1%          3
 Kindle Blastsparks       Fire/Tloc/Air  100%       2d18      1%          3
 Mephitic Cloud           Conj/Pois/Air  52%        N/A       1%          3
 Teleport Other           Tloc           71%        N/A       1%          3
 Airstrike                Air            43%        2d(7-23)  1%          4
 Ice Form                 Ice/Tmut       64%        N/A       1%          4
 Passage of Golubria      Tloc           71%        N/A       1%          4
 Petrify                  Tmut/Erth      64%        N/A       1%          4
 Summon Ice Beast         Ice/Summ       64%        N/A       1%          4
 Foxfire                  Conj/Fire      84%        2x1d8     2%          1
 Freeze                   Ice            84%        1d9       2%          1
 Magic Dart               Conj           84%        1d7       2%          1
 Sandblast                Erth           42%        2d11      2%          1
 Fulminant Prism          Conj/Hex       26%        3d14      2%          4
 Leda's Liquefaction      Hex/Erth       26%        N/A       2%          4
 Scorch                   Fire           42%        2d7       3%          2
 Sublimation of Blood     Necr           21%        N/A       3%          2
 Frozen Ramparts          Ice            42%        1d7       6%          3
 Hailstorm                Conj/Ice       21%        3d6       6%          3
 Ozocubu's Armour         Ice            21%        N/A       6%          3
 Stone Arrow              Conj/Erth      42%        3d9       6%          3
 Flame Wave               Conj/Fire      21%        2d8       22%         4
 Olgreb's Toxic Radiance  Pois           21%        N/A       22%         4
 Blade Hands              Tmut           44%        N/A       1%          5
 Silence                  Hex/Air        39%        N/A       1%          5
 Yara's Violent Unravell  Hex/Tmut       40%        3d16      1%          5
 Alistair's Intoxication  Tmut/Pois      42%        N/A       2%          5
 Irradiate                Conj/Tmut      32%        3d22      2%          5
 Lightning Bolt           Conj/Air       31%        1d48      2%          5
 Dragon Form              Tmut           44%        N/A       2%          7
 Eringya's Noxious Bog    Tmut/Pois      32%        N/A       13%         6
 Statue Form              Tmut/Erth      42%        N/A       13%         6
 Enfeeble                 Hex            35%        N/A       30%         7
 Maxwell's Capacitive Co  Air            43%        ∞         30%         8
 Agony                    Necr           21%        N/A       52%         5
 Fireball                 Conj/Fire      10%        3d6       52%         5
 Iron Shot                Conj/Erth      10%        9d3       97%         6
 Starburst                Conj/Fire      10%        6d5       97%         6
 Ozocubu's Refrigeration  Ice            10%        4d9       100%        7
 Ignition                 Fire           10%        3d5       100%        8
 Lehudib's Crystal Spear  Conj/Erth      10%        10d4      100%        8
 Chain Lightning          Conj/Air       31%        3d41      100%        9
 Portal Projectile        Hex/Tloc       Unusable   N/A       N/A         3
 Animate Armour           Summ/Erth      Unusable   N/A       N/A         4

Dungeon Overview and Level Annotations

Branches:
Dungeon (15/15)            Temple (1/1) D:4            Lair (5/5) D:8
 Shoals (4/4) Lair:3       Spider (4/4) Lair:3        Slime (0/5) Lair:4
    Orc (2/2) D:10            Elf (3/3) Orc:2        Vaults (1/5) D:13
 Depths (0/4) D:15          Sewer (visited)

Altars:
Ashenzari
Cheibriados
Dithmenos
Elyvilon
Fedhas
Gozag
Hepliaklqana
Kikubaaqudgha
Makhleb
Nemelex Xobeh
Okawaru
Qazlal
Ru
Sif Muna
Trog
Uskayaw
Vehumet
Wu Jian
Xom
Yredelemnul
Zin
The Shining One

Shops:
D:7 (   D:12 (   Orc:2 :[(=*(   Elf:1 [   Elf:2 :   Lair:1 =   Lair:3 ::
Lair:5 ::

Portals:
Hell: Lair:5

Annotations:
D:12 Nessos


Innate Abilities, Weirdness & Mutations

You are a lightning-filled tempest!
Your electrical attacks strike out in all directions at once.
You are incredibly evasive.
Your insubstantial body is immune to petrification, constriction, and being set on fire You are flying.
You are immune to poison.
((You have sharp claws.))
((You have razor-sharp teeth.))
You have supernaturally acute eyesight. (SInv)
((You cover ground quickly. (Speed+)))
((Your thick and shaggy fur keeps you warm. (AC +3, rC+)))
((Your paws help you pounce on unaware monsters.))
You are incapable of wielding weapons or throwing items.
You cannot wear armour.
You gain extra lives every three experience levels.


Message History

You start resting.
HP restored.
You start resting.
Your lightning spire disappears in a puff of smoke!
Your cactus giant disappears in a puff of smoke!
Your guardian golem disappears in a puff of smoke!
Your transformation is almost over.
Your transformation has ended.
Magic restored.
You now have 3556 gold pieces (gained 5).
You see here a +3 scale mail.
You now have 3562 gold pieces (gained 6).
There is an open door, spattered with blood here.
Things that are here:
a +0 great mace; a +0 ring mail You now have 3568 gold pieces (gained 6).
Things that are here:
a +0 morningstar; a +0 leather armour
There is an open door, spattered with blood here.
Things that are here:
a +0 great mace; a +0 ring mail You open the door.
There is an open door here.
You open the door.
A white very ugly thing and an ironbound preserver come into view.
There is an open door here.
Casting: Summon Cactus Giant (dangerous; 1% risk of failure)
Confirm with . or Enter, or press ? or * to list all spells.
You turn into a lightning-filled tempest!
The white very ugly thing gurgles horribly!
The ironbound preserver shouts!
The white very ugly thing stings you.
The white very ugly thing freezes you!!!
Casting: Storm Form (dangerous; 3% risk of failure)
Confirm with . or Enter, or press ? or * to list all spells.
The white very ugly thing stings you.
The white very ugly thing freezes you!!!
Ouch! That really hurt!
You die...
Your body crumbles into a pile of gold.

##################
#.................
#.................
#..######C########
#..# #..#..# #..#
#.v#..# #..# ###u#
#..# #..#$$# #..#
#.p $?# #..# ###
##+ #..# $ #..# $
#..# #..# $


You could see a white very ugly thing (ally target) and a friendly cactus giant
(summoned).

Vanquished Creatures
  2 deep elf master archers (Elf:3)
  A storm dragon (Shoals:4)
  Roxanne (Shoals:1)
  2 deep elf sorcerers (Elf:3)
  4 deep elf elementalists (Elf:3)
  4 ghost moths
  A broodmother (Spider:4)
  An ironbound preserver (Vaults:1)
  A stone giant (D:15)
  3 deep elf annihilators (Elf:3)
  2 spark wasps (Spider:4)
  A dire elephant (Vaults:1)
  A deep elf death mage (Elf:3)
  2 merfolk javelineers (Shoals:4)
  A deep elf high priest (Elf:3)
  2 merfolk impalers (Shoals:1)
  3 vault guards (D:13)
  A catoblepas (Shoals:2)
  A radroach (Spider:4)
  2 merfolk aquamancers (Shoals:4)
  An ironbound frostheart (Vaults:1)
  A centaur warrior (D:13)
  A death yak (Shoals:2)
  A dancing weapon (Elf:1)
  2 alligator snapping turtles (Shoals:4)
  2 boulder beetles (D:15)
  3 tengu warriors
  An orc high priest (Orc:2)
  9 deep elf knights
  A sea snake (Shoals:1)
  4 pharaoh ants
  2 orb spiders
  An obsidian statue (D:14)
  5 deep elf archers
  4 steelbarb worms
  An orange crystal statue (D:14)
  An ironbound convoker (Vaults:1)
  5 harpies (Shoals:4)
  11 deep elf zephyrmancers
  12 deep elf pyromancers
  4 nameless horrors
  An orc sorcerer (Orc:2)
  3 wolf spiders
  2 fauns (Shoals:1)
  2 moths of wrath
  2 manticores (Shoals:4)
  A cyclops (D:15)
  A demonic crawler (Spider:4)
  3 merfolk sirens
  An elephant (Lair:3)
  An efreet (D:15)
  A tengu conjurer (D:13)
  2 yaktaurs (D:15)
  3 meliai
  An ice devil (Lair:5)
  3 merfolk
  2 tarantellas (Spider:4)
  2 centaur simulacra (D:15)
  2 culicivoras
  6 water elementals (Shoals:4)
  2 wraiths (D:13)
  3 air elementals
  6 jumping spiders
  A fire elemental (D:14)
  A basilisk (D:15)
  10 redbacks
  5 vampire mosquitoes
  An orc warrior (D:9)
  A bullfrog (Sewer)
  2 earth elementals
  3 electric eels (Lair:1)
  An iguana (D:2)
  2 adders
  3 orcs
  2 ball pythons (Sewer)
  A giant cockroach (D:3)
  3 goblins (D:2)
  A hobgoblin (D:1)
195 creatures vanquished.

Vanquished Creatures (collateral kills)
  Nikola (Spider:3)
  Arachne (Spider:2)
  Rupert (D:15)
  Asterion (Spider:3)
  A deep elf blademaster (Elf:3)
  Polyphemus (Shoals:2)
  An azure jelly (Shoals:1)
  3 deep elf sorcerers
  3 emperor scorpions
  Aizul (Shoals:2)
  Louise (Shoals:4)
  A deep elf elementalist (Elf:3)
  A ghost moth (Spider:1)
  An orc warlord (Orc:2)
  2 very ugly things (Vaults:1)
  2 ironbound preservers (Vaults:1)
  Azrael (D:14)
  An ironbound thunderhulk (Vaults:1)
  5 deep elf demonologists (Elf:3)
  2 deep elf annihilators
  4 spark wasps
  3 dire elephants (Vaults:1)
  A deep elf death mage (Elf:3)
  11 merfolk impalers
  4 entropy weavers
  A deep elf high priest (Elf:3)
  The ghost of Esekla the Covert, a journeyman OpDe of Gozag (Lair:4)
  Harold (D:9)
  3 merfolk javelineers
  An ironbound frostheart (Vaults:1)
  2 catoblepae
  A vault guard (D:13)
  7 boulder beetles
  An ogre mage (Orc:2)
  3 radroaches (Spider:4)
  A death knight (D:15)
  3 merfolk avatars
  4 alligator snapping turtles
  3 centaur warriors
  2 merfolk aquamancers (Shoals:4)
  2 two-headed ogres
  11 death yaks
  27 dancing weapons
  2 orc high priests (Orc:2)
  9 deep elf knights
  Nergalle (D:12)
  11 pharaoh ants
  2 sun moths
  Sonja (Lair:1)
  A fire crab (shapeshifter) (Elf:2)
  5 skysharks
  9 orb spiders
  3 wizards
  9 steelbarb worms
  8 deep trolls (Vaults:1)
  7 deep elf archers
  11 sea snakes
  An ironbound convoker (Vaults:1)
  2 lindwurms (Vaults:1)
  4 orc knights
  21 deep elf pyromancers
  10 harpies
  19 deep elf zephyrmancers
  9 wolf spiders
  7 orc sorcerers
  10 ugly things
  11 manticores
  7 cyclopes
  4 fauns (Shoals:1)
  2 moths of wrath
  5 merfolk sirens
  7 slime creatures
  Maurice (D:9)
  A smoke demon (Lair:5)
  5 black mambas
  6 elephants
  7 demonic crawlers
  10 cane toads
  A vault sentinel (Vaults:1)
  An orange demon (Lair:5)
  4 gargoyles
  11 water nymphs
  An unseen horror (D:12)
  9 komodo dragons
  6 torpor snails
  3 rime drakes (Lair:5)
  5 nameless horrors
  A kobold demonologist (D:10)
  2 efreet
  3 freezing wraiths
  Psyche (D:9)
  2 yaktaurs
  A tengu conjurer (D:15)
  2 red devils (Lair:5)
  3 hornets
  3 polar bears
  10 merfolk
  6 meliai
  8 wind drakes
  7 trolls
  16 tarantellas
  Grinder (D:5)
  3 snapping turtles
  18 dream sheep
  4 blink frogs
  2 air elementals (Shoals:4)
  Sigmund (D:2)
  5 culicivoras
  13 jumping spiders
  A vampire (D:12)
  6 water elementals
  5 wyverns
  3 shadows
  Eustachio (D:4)
  2 wraiths
  2 hogs (Lair:4)
  A basilisk (D:15)
  5 yaks
  6 fire elementals
  A human (D:9)
  2 steam dragons (D:8)
  2 vampire mosquitoes
  36 redbacks
  Menkaure (D:7)
  4 wargs (Orc:2)
  21 water moccasins
  Duvessa (D:5)
  8 hell hounds
  2 swamp drakes
  A black bear (D:6)
  20 orc warriors
  2 sky beasts
  An ice beast (D:5)
  13 ogres
  6 wolves (Lair:5)
  9 centaurs
  2 boggarts (Elf:1)
  2 kobold brigands
  10 bullfrogs
  2 earth elementals
  A necrophage (D:6)
  5 scorpions
  7 wights
  Dowan (D:5)
  2 electric eels
  A howler monkey (D:6)
  A crimson imp (D:10)
  A jelly (D:7)
  11 orc priests
  2 gnoll boudas
  6 hounds
  A human skeleton (D:9)
  An iguana (D:6)
  13 orc wizards
  Robin (D:2)
  14 gnolls
  14 adders
  2 shadow imps (D:6)
  2 white imps
  2 ufetubi (D:6)
  2 worms (D:3)
  3 dart slugs
  53 orcs
  A bat (D:2)
  3 endoplasms
  10 giant cockroaches
  11 goblins
  2 hobgoblins
  17 kobolds
  8 quokkas
  8 ball pythons
  7 frilled lizards
  4 rats
  A plant (Shoals:2)
905 creatures vanquished.

Vanquished Creatures (others)
  A deep elf blademaster (Elf:3)
  Kirke (Lair:4)
  A vault warden (Vaults:1)
  A deep elf elementalist (Elf:3)
  An ironbound preserver (Vaults:1)
  A dire elephant (Lair:5)
  Snorg (Lair:4)
  A merfolk javelineer (Shoals:1)
  An entropy weaver (Spider:4)
  2 hydras (Lair:5)
  Erica (Lair:2)
  3 death yaks
  2 deep elf knights (Elf:1)
  A pharaoh ant (Spider:3)
  A sixfirhy (Lair:5)
  A deep troll (Vaults:1)
  An orc knight (Orc:2)
  A wizard (Elf:1)
  A deep elf zephyrmancer (Elf:1)
  A faun (Shoals:1)
  2 manticores
  A cyclops (D:12)
  A black mamba (Lair:5)
  Joseph (D:9)
  An elephant (Lair:3)
  2 demonic crawlers
  4 yaktaurs
  A komodo dragon (Lair:5)
  An ice devil (Lair:5)
  A troll (D:12)
  3 dream sheep
  A blink frog (Lair:5)
  A culicivora (Spider:3)
  2 wyverns
  2 dancing weapons
  4 yaks (Lair:5)
  2 water elementals (Shoals:4)
  A steam dragon (D:9)
  3 vampire mosquitoes (D:12)
  2 wargs (Orc:2)
  A hell hound (Lair:5)
  5 orc warriors (Orc:2)
  2 centaurs
  4 wights
  An orc priest (Orc:2)
  Crazy Yiuf (D:3)
  4 orc wizards
  3 gnolls
  5 orcs
  A kobold (D:9)
  A bush (Lair:5)
  72 fungi
  127 plants
  A snaplasher vine (Elf:2)
288 creatures vanquished.

Grand Total: 1388 creatures vanquished

Notes
Turn   | Place    | Note
-------+----------+-------------------------------------------
     0 | D:1      | arthad the Felid Summoner began the quest for the Orb.
     0 | D:1      | Reached XP level 1. HP: 7/7 MP: 4/4
    91 | D:1      | Found a faded altar of an unknown god.
   510 | D:1      | Reached XP level 2. HP: 11/11 MP: 3/6
   650 | D:1      | Learned a level 2 spell: Call Imp
  1078 | D:2      | Reached skill level 5 in Summonings
  1078 | D:2      | Reached XP level 3. HP: 14/14 MP: 1/7
  1082 | D:2      | Learned a level 3 spell: Call Canine Familiar
  1289 | D:2      | Reached XP level 4. HP: 18/18 MP: 0/8
  1616 | D:2      | Identified the +1 ring mail of Snakes and Ladders {SInv}
  1823 | D:2      | Noticed Robin
  1838 | D:2      | Killed Robin
  1839 | D:2      | Reached skill level 6 in Summonings
  2037 | D:2      | Noticed Sigmund
  2041 | D:2      | Reached skill level 5 in Dodging
  2041 | D:2      | Reached skill level 7 in Summonings
  2041 | D:2      | Reached XP level 5. HP: 15/24 MP: 9/13
  2052 | D:2      | Killed Sigmund
  2053 | D:2      | Reached skill level 8 in Summonings
  2053 | D:2      | Gained mutation: You are covered in thick fur. (AC +2)
                  | [Felid growth]
  2053 | D:2      | Reached XP level 6. HP: 18/28 MP: 3/14
  2174 | D:2      | Learned a level 3 spell: Summon Guardian Golem
  2179 | D:2      | Learned a level 4 spell: Summon Lightning Spire
  2491 | D:3      | Found a glowing drain.
  2526 | Sewer    | Entered a sewer
  2620 | Sewer    | Reached XP level 7. HP: 31/31 MP: 15/15
  2750 | Sewer    | Reached skill level 5 in Spellcasting
  3044 | D:3      | Reached skill level 5 in Hexes
  3263 | D:3      | You fall into a shaft and drop 3 floors!
  3757 | D:6      | Reached XP level 8. HP: 34/34 MP: 16/16
  3835 | D:5      | Entered Level 5 of the Dungeon
  3915 | D:5      | Reached skill level 9 in Summonings
  3978 | D:4      | Noticed Eustachio
  3990 | D:4      | Killed Eustachio
  4781 | D:3      | Found a runed translucent door.
  4782 | D:3      | Noticed Crazy Yiuf
  4796 | D:3      | Killed Crazy Yiuf
  4954 | D:4      | Found a shimmering blue altar of Sif Muna.
  5037 | D:4      | Found a staircase to the Ecumenical Temple.
  5047 | D:4      | Identified the +8 mace of the Median {freeze, rC+ Will++
                  | Str+2 Int-5}
  5059 | Temple   | Entered the Ecumenical Temple
  5689 | D:5      | Found a bloodstained altar of Trog.
  5907 | D:5      | Noticed Grinder
  5935 | D:5      | Killed Grinder
  5936 | D:5      | Reached XP level 9. HP: 26/39 MP: 15/18
  6411 | D:5      | Noticed Duvessa
  6411 | D:5      | Noticed Dowan
  6417 | D:5      | Killed Duvessa
  6418 | D:5      | Killed Dowan
  7062 | D:7      | Noticed Menkaure
  7068 | D:7      | Killed Menkaure
  7711 | D:7      | Found Kiju's Antique Weapon Shoppe.
  7790 | D:7      | Reached skill level 5 in Air Magic
  8220 | D:8      | Reached XP level 10. HP: 43/43 MP: 19/20
  8290 | D:8      | Found a sparkling altar of Nemelex Xobeh.
  8334 | D:8      | Found a blossoming altar of Fedhas.
  8514 | D:8      | Reached skill level 10 in Summonings
  8688 | D:8      | Found a staircase to the Lair.
  8721 | D:8      | Found a hide-covered altar of Uskayaw.
  8774 | D:8      | Found a hazy altar of Hepliaklqana.
  9040 | D:9      | Noticed Maurice
  9053 | D:9      | Killed Maurice
  9112 | D:9      | Found an opulent altar of Gozag.
  9135 | D:9      | Became a worshipper of Gozag Ym Sagoz the Greedy
  9241 | D:9      | Found a broken altar of Ashenzari.
  9252 | D:9      | Found an iron altar of Okawaru.
  9342 | D:9      | Noticed Psyche
  9346 | D:9      | Killed Psyche
  9347 | D:9      | Reached skill level 5 in Fighting
  9347 | D:9      | Reached skill level 5 in Unarmed Combat
  9347 | D:9      | Noticed Joseph
  9359 | D:9      | Killed Joseph
  9421 | D:9      | Noticed a two-headed ogre
  9429 | D:9      | Killed a two-headed ogre
  9503 | D:9      | Found the +6 shillelagh "Devastator" {shatter}
  9715 | D:9      | Noticed Harold
  9728 | D:9      | Killed Harold
  9729 | D:9      | Reached XP level 11. HP: 48/48 MP: 21/23
  9818 | D:9      | Found a runed translucent door.
  9834 | D:9      | Found a basalt altar of Yredelemnul.
 10108 | D:9      | Noticed a boulder beetle
 10117 | D:9      | Killed a boulder beetle
 10348 | D:8      | Found a sacrificial altar of Ru.
 10348 | D:8      | Found a radiant altar of Vehumet.
 10370 | D:10     | Entered Level 10 of the Dungeon
 10386 | D:10     | Identified the +7 dagger of the Countless Tables {protect,
                  | rPois SInv}
 10480 | D:10     | Learned a level 7 spell: Summon Hydra
 10804 | D:10     | Reached skill level 1 in Transmutations
 10945 | D:10     | Found a staircase to the Orcish Mines.
 11278 | D:10     | Noticed a wizard
 11286 | D:10     | Killed a wizard
 11579 | D:11     | Reached skill level 11 in Summonings
 12293 | D:11     | Learned a level 3 spell: Tukima's Dance
 12386 | D:12     | Noticed a brown ugly thing
 12395 | D:12     | Killed a brown ugly thing
 12552 | D:12     | Noticed Nergalle
 12564 | D:12     | Killed Nergalle
 12785 | D:12     | Found Nogeeseho's Antique Weapon Shoppe.
 13052 | D:12     | Noticed Nessos
 13057 | D:12     | Shot with an arrow by Nessos
 13058 | D:12     | Reached XP level 10. HP: -1/45 MP: 26/32
 13154 | D:12     | Reached XP level 11. HP: 48/48 MP: 23/24
 13858 | D:13     | Noticed a deep elf pyromancer
 13858 | D:13     | Noticed a tengu warrior
 14001 | Lair:1   | Entered Level 1 of the Lair of Beasts
 14224 | Lair:1   | Noticed a catoblepas
 14236 | Lair:1   | Killed a catoblepas
 14318 | Lair:1   | Noticed Sonja
 14335 | Lair:1   | Killed Sonja
 15072 | Lair:2   | Reached skill level 5 in Transmutations
 15254 | Lair:2   | Noticed Erica
 15277 | Lair:2   | Killed Erica
 15404 | Lair:2   | Noticed a death yak
 15405 | Lair:2   | Noticed a death yak
 15416 | Lair:2   | Killed a death yak
 15417 | Lair:2   | Noticed a death yak
 15417 | Lair:2   | Noticed a death yak
 15425 | Lair:2   | Killed a death yak
 15426 | Lair:2   | Killed a death yak
 15426 | Lair:2   | Killed a death yak
 15427 | Lair:2   | Gained mutation: Your thick and shaggy fur keeps you warm.
                  | (AC +3, rC+) [Felid growth]
 15427 | Lair:2   | Reached XP level 12. HP: 53/53 MP: 21/26
 15545 | Lair:2   | You fall into a shaft and drop 1 floor!
 15698 | Lair:3   | Reached skill level 12 in Summonings
 15820 | Lair:3   | Found a hole to the Spider Nest.
 15989 | Lair:3   | Got the Quarto of Topography
 16011 | Lair:3   | Noticed a death yak
 16022 | Lair:3   | Noticed a death yak
 16026 | Lair:3   | Noticed a death yak
 16027 | Lair:3   | Killed a death yak
 16029 | Lair:3   | Killed a death yak
 16029 | Lair:3   | Noticed a death yak
 16031 | Lair:3   | Killed a death yak
 16035 | Lair:3   | Killed a death yak
 16620 | Lair:3   | Found a staircase to the Shoals.
 17200 | Lair:4   | Noticed Snorg
 17220 | Lair:4   | Killed Snorg
 17231 | Lair:4   | Noticed Kirke
 17253 | Lair:4   | Killed Kirke
 17254 | Lair:4   | Reached skill level 10 in Dodging
 17254 | Lair:4   | Reached XP level 13. HP: 37/57 MP: 13/27
 17482 | Lair:4   | Found a runed translucent door.
 17482 | Lair:4   | Noticed Esekla's ghost (journeyman OpDe)
 18106 | Lair:4   | Found a staircase to the Slime Pits.
 18533 | Lair:4   | Killed Esekla's ghost
 18588 | Lair:5   | Entered Level 5 of the Lair of Beasts
 18874 | Lair:5   | Slain by a boulder beetle
 18875 | Lair:5   | Reached XP level 12. HP: -2/55 MP: 28/35
 18888 | Lair:5   | Reached skill level 13 in Summonings
 19272 | Lair:5   | Noticed a dire elephant
 19281 | Lair:5   | Killed a dire elephant
 19507 | Lair:5   | Killed a boulder beetle
 19527 | Lair:5   | Reached XP level 13. HP: 58/58 MP: 20/27
 19841 | Lair:5   | Found a burning altar of Makhleb.
 20036 | Lair:5   | Found a gateway to Hell.
 20043 | Lair:5   | Identified the +11 hand axe of the Final Decision {drain,
                  | rN+ SInv}
 20238 | Lair:5   | Identified a scroll of acquirement
 20302 | Lair:5   | Reached skill level 10 in Air Magic
 20310 | Lair:5   | Learned a level 7 spell: Storm Form
 20792 | Lair:5   | Bought a book of Scorching for 390 gold pieces
 21018 | Orc:1    | Entered Level 1 of the Orcish Mines
 21465 | Orc:2    | Entered Level 2 of the Orcish Mines
 21481 | Orc:2    | Reached skill level 10 in Spellcasting
 21528 | Orc:2    | Noticed an orc warlord
 21581 | Orc:2    | Killed an orc warlord
 21775 | Orc:2    | Found Lobix's Antique Weapon Emporium.
 21810 | Orc:2    | Found Dunitaep's Jewellery Shoppe.
 21881 | Orc:2    | Paralysed by an orc sorcerer for 2 turns
 22555 | Orc:2    | Acquired 513 gold pieces
 22682 | Orc:2    | Found Kasepuag's Book Shop.
 22690 | Orc:2    | Found a staircase to the Elven Halls.
 22743 | Orc:2    | Found Zaupn's Antique Armour Shop.
 22879 | Orc:2    | Found Hegiemp's General Store.
 22917 | Orc:2    | Bought a potion of haste for 110 gold pieces
 22936 | Orc:2    | Found Fiaxzamp's Weapon Shoppe.
 23931 | Shoals:1 | Entered Level 1 of the Shoals
 23934 | Shoals:1 | Noticed a merfolk impaler
 23938 | Shoals:1 | Reached XP level 14. HP: 63/63 MP: 14/29
 24085 | Shoals:1 | Learned a level 6 spell: Summon Cactus Giant
 24882 | Shoals:1 | Reached skill level 10 in Transmutations
 25038 | Shoals:1 | Identified Roxanne's Parchment of the Shift
 25038 | Shoals:1 | Noticed Roxanne
 25058 | Shoals:1 | Killed Roxanne
 25211 | Shoals:1 | Noticed an azure jelly
 25220 | Shoals:1 | Killed an azure jelly
 25221 | Shoals:1 | Reached skill level 14 in Summonings
 25402 | Shoals:1 | HP: 3/63 [poisoned by a sea snake]
 25407 | Shoals:1 | HP: 3/63 [poisoned by a sea snake]
 26663 | Shoals:2 | Noticed Polyphemus
 26669 | Shoals:2 | Demolished by a death yak
 26670 | Shoals:2 | Reached XP level 13. HP: -15/60 MP: 4/37
 26670 | Shoals:2 | Reached XP level 14. HP: 63/63 MP: 29/29
 26854 | Shoals:2 | Killed Polyphemus
 26879 | Shoals:2 | Noticed Aizul
 26895 | Shoals:2 | Killed Aizul
 27984 | Shoals:3 | Reached XP level 15. HP: 28/67 MP: 18/30
 29400 | Spider:1 | Entered Level 1 of the Spider Nest
 31766 | Spider:2 | Identified the +2 sling of Vykkated {speed, *Corrode Str+5
                  | Dex+3}
 31843 | Spider:2 | Identified the +0 chain mail of the Stag {Dex+2}
 32351 | Spider:2 | Noticed Arachne
 32387 | Spider:2 | Killed Arachne
 32677 | Spider:2 | Noticed an emperor scorpion
 32687 | Spider:2 | Killed an emperor scorpion
 33413 | Spider:3 | Reached XP level 16. HP: 55/72 MP: 3/32
 34040 | Spider:3 | Noticed Nikola
 34142 | Spider:2 | Upgraded the game from 0.30-a0-778-g2ef04afb54 to
                  | 0.30-a0-779-g7971cf19c3
 34385 | Spider:3 | Killed Nikola
 34386 | Spider:3 | Noticed Asterion
 34576 | Spider:3 | Killed Asterion
 34601 | Spider:3 | Reached skill level 10 in Unarmed Combat
 35324 | Spider:4 | Entered Level 4 of the Spider Nest
 35888 | Spider:4 | Reached skill level 10 in Fighting
 35888 | Spider:4 | Reached skill level 10 in Hexes
 36523 | Spider:4 | Reached skill level 15 in Summonings
 37838 | Spider:4 | Got a gossamer rune of Zot
 38525 | Orc:2    | Bought the ring of Division {rElec Int+6 Slay+3 Stlth+} for
                  | 915 gold pieces
 38849 | Shoals:4 | Entered Level 4 of the Shoals
 38872 | Shoals:4 | Paralysed by an air elemental for 1 turns
 39151 | Shoals:4 | Reached XP level 17. HP: 75/77 MP: 3/34
 39316 | Shoals:4 | Found a shadowy altar of Dithmenos.
 40066 | Shoals:4 | Identified the +0 tower shield of Teeg {Fly rF+ Dex+3}
 40066 | Shoals:4 | Noticed Louise
 40242 | Shoals:4 | Killed Louise
 40680 | Shoals:4 | Identified the ring "Fufry" {rCorr Int+4}
 41589 | Shoals:4 | Identified the amulet "Fyfuti" {Acrobat Dex+6}
 41701 | Shoals:4 | Got a barnacled rune of Zot
 42516 | Lair:5   | Bought a manual of Unarmed Combat for 960 gold pieces
 43421 | D:13     | Found a gate to the Vaults.
 44374 | D:14     | Reached skill level 16 in Summonings
 44542 | D:14     | Learned a level 5 spell: Summon Forest
 44761 | D:14     | Reached skill level 1 in Translocations
 45688 | D:14     | Noticed Azrael
 45704 | D:14     | Killed Azrael
 45844 | D:14     | Identified the ring "Nouxeugh" {rN+ AC+4 Dex+4 Slay-3}
 46116 | D:15     | Entered Level 15 of the Dungeon
 47317 | D:15     | Found a staircase to the Depths.
 47335 | D:15     | Reached XP level 18. HP: 75/82 MP: 33/35
 47752 | D:15     | Noticed Rupert
 47761 | D:15     | Killed Rupert
 48568 | Elf:1    | Entered Level 1 of the Elven Halls
 48847 | Elf:1    | Paralysed by an air elemental for 1 turns
 50019 | Elf:1    | Reached skill level 5 in Translocations
 50135 | Elf:1    | Found Feer Zoi's Antique Armour Boutique.
 50446 | Elf:1    | Identified the +1 robe of Inviolability {Will- Dex+10
                  | Stlth+}
 51749 | Elf:2    | Found an ancient bone altar of Kikubaaqudgha.
 52075 | Elf:2    | Found a runed translucent gate.
 52076 | Elf:2    | Found a runed translucent gate.
 52076 | Elf:2    | Found a runed translucent gate.
 52097 | Elf:2    | Reached skill level 15 in Dodging
 52361 | Elf:1    | Upgraded the game from 0.30-a0-779-g7971cf19c3 to
                  | 0.30-a0-782-ge64f9170bb
 52364 | Elf:2    | Slain by a +6 war axe of freezing
 52365 | Elf:2    | Reached XP level 17. HP: -4/78 MP: 34/34
 52373 | Elf:2    | Reached skill level 15 in Transmutations
 53205 | Elf:3    | Entered Level 3 of the Elven Halls
 54356 | Elf:3    | Reached XP level 18. HP: 78/83 MP: 3/35
 54740 | Elf:3    | Identified the ring "Ustrauts" {rF+ Str+3 SInv}
 54926 | Elf:3    | Identified the ring "Hero's Friend" {Ice rPois rN++ Str+2
                  | Int-2}
 56053 | Elf:3    | Killed from afar by a deep elf elementalist
 56054 | Elf:3    | Reached XP level 17. HP: -5/79 MP: 10/35
 56055 | Elf:3    | Got the Elucidation of Lofty Envenoming
 56057 | Elf:3    | Got the Volume of Conflict
 56070 | Elf:3    | Identified the +2 dagger of Hacking and Slashing {holy,
                  | Drain rN+ MP+9 Str+3}
 56126 | Elf:3    | Killed a deep elf blademaster
 56534 | Elf:3    | Got the Exposition on Transforming Doom
 56814 | Vaults:1 | Entered Level 1 of the Vaults
 56988 | Vaults:1 | Found a portal to a secret trove of treasure.
 57008 | Vaults:1 | You paid a toll of 4 scrolls of fog to enter a treasure
                  | trove
 57009 | Trove    | Entered a treasure trove
 57979 | Vaults:1 | Reached skill level 5 in Evocations
 58329 | Vaults:1 | Reached skill level 10 in Translocations
 58467 | Vaults:1 | Mangled by a white very ugly thing

Illustrated notes

Levels and vault maps discovered:
D:1:      roderic_octagonal_star, layout_loops_ring,
          hellmonk_ecumenical_altar_pennies_from_heaven, hangedman_decor_push,
          minivault_26
D:2:      layout_loops_corners, chequers_serial_rivers_large_a, uniq_robin,
          uniq_sigmund
D:3:      layout_loops_corners, cheibrodos_sewer_entry_bend,
          uniq_crazy_yiuf_cottage
D:4:      layout_rooms, lemuel_blue_sif_altar, minmay_temple_entry_wispy,
          kennysheep_generic_room_4, uniq_eustachio
D:5:      dreamdust_elfheim, layout_basic, mainiacjoe_overflow_brackets,
          serial_glass, glass_columns_a, glass_columns_a, uniq_grinder
D:6:      layout_loops_ring, hangedman_decor_peaks_small
D:7:      layout_basic, serial_shops, shop, chequers_avenue, uniq_duvessa,
          uniq_menkaure
D:8:      layout_gridville, nemelex_xobeh_ov_fountains_minmay,
          nicolae_uskayaw_murder_on_the_dancefloor,
          mainiacjoe_overflow_alcove_4, nicolae_overflow_hidden_temple,
          grunt_lair_entry_orc_guard_hut
D:9:      layout_long_grid, nicolae_ashenzari_skybound, okawaru_gym_becter,
          dk_yredelemnul_ordeal, grunt_gozag_breadcrumbs, grunt_ministairs_5,
          minivault_20, uniq_psyche, uniq_maurice, uniq_joseph, uniq_harold
D:10:     layout_rooms, erik_orc_1, lightli_wizard_tower
D:11:     layout_irregular_city
D:12:     layout_grid_maze, serial_shops, shop, uniq_nergalle, uniq_nessos
D:13:     layout_roguey, lightli_vaults_fourway_checkpoint
D:14:     minmay_separated_statues, layout_cave_pods, grunt_decor_fettered,
          fungi_pond_lemuel, uniq_azrael
D:15:     grunt_enter_depths_snipers, layout_grid_maze, uniq_rupert
Temple:   hellmonk_temple_flake
Lair:1:   layout_loops_ring, dpeg_stationary_puzzle, serial_bayou_shore_a,
          lemuel_fruit_tree, uniq_sonja
Lair:2:   layout_loops_ring, grunt_forest_large_clearings, uniq_erica,
          uniq_gastronok
Lair:3:   layout_regular_city, shoals_dummy_entry, spider_nest_entry_web_field,
          wad_woods_river_01
Lair:4:   layout_small_grid, dpeg_slime_entry_corner,
          hellmonk_ghost_happy_afterlife, enter_volcano_3,
          infiniplex_staircase_pool, uniq_snorg, uniq_kirke
Lair:5:   evil_forest, layout_layer_cave
Shoals:1: layout_shoals, portal_ice_cave_entry_frozen_things,
          nicolae_shoals_pincushion_passage, uniq_roxanne
Shoals:2: layout_shoals, uniq_polyphemus, uniq_aizul
Shoals:3: layout_shoals
Shoals:4: shoals_end_hellmonk_storm_palace [storm_palace_center_ruins,
          storm_palace_corner_pillars, storm_palace_corner_altar,
          storm_palace_corner_narrow, storm_palace_corner_reverse_hut],
          uniq_louise
Spider:1: layout_spider_delve, nicolae_spider_bug_shape
Spider:2: layout_chambers, uniq_arachne
Spider:3: layout_spider_delve, uniq_nikola, uniq_asterion
Spider:4: hellmonk_spider_rune_bug_friends
Orc:1:    layout_caves, basic_altar
Orc:2:    grunt_orc_gardens, layout_diamond_mine, grunt_orc_garden,
          grunt_orc_garden, grunt_orc_garden, grunt_orc_garden, serial_shops,
          nicolae_shop_advertising_works [nicolae_subvault_shop_adworks],
          guppyfry_orc_lava_fort
Elf:1:    eino_elf_arrival_the_gate, layout_loops_corners, serial_shops,
          nicolae_shop_behind_doors, hangedman_elf_disciples
Elf:2:    nicolae_elf_blades_crystal_corner, layout_loops_cross, basic_altar
Elf:3:    elf_hall_gauntlet_narrow, layout_geoelf_octagon
Vaults:1: vaults_standard_mumra_lines, v_misc_1, v_misc_33, v_pattern_5,
          st_smaller_cells, layout_vaults_omnigrid,
          nicolae_trove_entry_free_sample, uniq_zenata

Skill      XL: |  1  2  3  4  5  6  7  8  9 10 11 12 13 14 15 16 17 18 |
---------------+-------------------------------------------------------+-----
Summonings     | 5 7 8 9 10 11 13 14 15 16 | 16.0
Fighting       | 3 4 5 6 7 8 9 10 12 | 12.1
Dodging        | 5 6 7 9 10 12 13 14 15 | 15.6
Unarmed Combat | 3 4 5 6 7 9 10 13 12 | 13.2
Spellcasting   | 4 5 6 7 9 10 11 12 13 | 13.4
Hexes          | 4 5 6 8 9 10 | 10.0
Air Magic      | 2 3 4 5 6 8 9 10 11 12 13 14 | 14.9
Evocations     | 3 4 5 |  5.1
Transmutations | 5 7 9 11 12 13 15 | 15.8
Translocations | 10 8 | 10.0
Stealth        | |  2.7

Action                     |  1- 3 |  4- 6 |  7- 9 | 10-12 | 13-15 | 16-18 || total
---------------------------+-------+-------+-------+-------+-------+-------++-------
  Melee: Unarmed           |     5 |    14 |    19 |    20 |   162 |   334 ||   554
         Bite              |       |     3 |     5 |     4 |    23 |     1 ||    36
         Punch             |       |       |     2 |     1 |    21 |    34 ||    58
   Cast: Summon Small Mamm |    31 |     5 |     1 |       |       |       ||    37
         Call Imp          |     4 |     5 |    11 |    28 |     9 |       ||    57
         Call Canine Famil |     3 |     7 |    31 |    68 |    66 |    53 ||   228
         Summon Guardian G |       |     2 |    28 |    94 |    81 |    38 ||   243
         Summon Lightning  |       |     1 |    34 |   107 |   132 |    90 ||   364
         Tukima's Dance    |       |       |       |     2 |    22 |    11 ||    35
         Summon Hydra      |       |       |       |       |   101 |   180 ||   281
         Summon Cactus Gia |       |       |       |       |    66 |   161 ||   227
         Storm Form        |       |       |       |       |    10 |   119 ||   129
         Summon Forest     |       |       |       |       |       |     6 ||     6
 Invoke: Call Merchant     |       |       |       |     1 |     2 |     3 ||     6
         Potion Petition   |       |       |       |       |     2 |       ||     2
Ability: Blinkbolt         |       |       |       |       |     5 |    31 ||    36
  Evoke: Wand              |       |       |       |     7 |    22 |    15 ||    44
         Condenser vane    |       |       |       |     1 |     4 |     6 ||    11
         Box of beasts     |       |       |       |       |     6 |     2 ||     8
         Tin of tremorston |       |       |       |       |     2 |     1 ||     3
         Lightning rod     |       |       |       |       |       |     7 ||     7
    Use: Potion            |       |     5 |       |     3 |    14 |    11 ||    33
         Scroll            |       |     1 |     7 |     8 |    20 |    15 ||    51
   Stab: Sleeping          |       |     1 |       |       |     1 |     1 ||     3
         Distracted        |       |       |     1 |       |     2 |    13 ||    16
         Confused          |       |       |       |       |     1 |       ||     1
 Armour: Skin              |       |     3 |       |     5 |    21 |    82 ||   111
  Dodge: Dodged            |     5 |    18 |    30 |   101 |   354 |   752 ||  1260

Table legend: (Time is in decaauts)
 A = Elapsed time spent in this place.
 B = Non-inter-level travel time spent in this place.
 C = Inter-level travel time spent in this place.
 D = Time resting spent in this place.
 E = Time spent auto-exploring this place.
 F = Levels seen in this place.
 G = Mean time per level.
                   A        B        C        D        E       F      G
               +--------+--------+--------+--------+--------+-----+--------+
         Total |  53811 |  50739 |   3072 |   3662 |  37210 |  37 | 1454.4 |
       Dungeon |  17801 |  16375 |   1426 |    311 |  13063 |  15 | 1186.7 |
        Temple |    120 |    120 |      0 |      0 |    103 |   1 |  120.0 |
          Lair |   6905 |   6419 |    486 |    389 |   4742 |   5 | 1381.0 |
        Shoals |   8793 |   8350 |    443 |   1190 |   5570 |   4 | 2198.2 |
   Spider Nest |   7972 |   7788 |    184 |    471 |   5848 |   4 | 1993.0 |
  Orcish Mines |   2876 |   2652 |    224 |    288 |   1896 |   2 | 1438.0 |
   Elven Halls |   7298 |   6992 |    306 |    832 |   4788 |   3 | 2432.7 |
        Vaults |   1516 |   1516 |      0 |    181 |   1021 |   1 | 1516.0 |
         Trove |     49 |     49 |      0 |      0 |      0 |   1 |   49.0 |
         Sewer |    476 |    476 |      0 |      0 |    174 |   1 |  476.0 |
               +--------+--------+--------+--------+--------+-----+--------+

Top non-repeatable levels by time:
   Elf:3: 3191 daAuts
Shoals:4: 2814 daAuts
Shoals:1: 2504 daAuts
Spider:4: 2417 daAuts
   Elf:1: 2404 daAuts
Spider:2: 2355 daAuts
   Orc:2: 2137 daAuts
    D:15: 2061 daAuts
  Lair:3: 2052 daAuts
Shoals:3: 1997 daAuts
  Lair:5: 1993 daAuts
   Elf:2: 1702 daAuts
    D:14: 1663 daAuts
Spider:3: 1624 daAuts
Spider:1: 1574 daAuts
